 Dungeon Crawl Stone Soup version 0.28.0-53-g5a82cb258f (webtiles) character file.

Game seed: 1140692355649395875

212 NotreDorf the Ducker (level 5, -4/39 HPs)
             Began as a Merfolk Venom Mage on Aug 2, 2022.
             Slain by a gnoll
             ... wielding a +0 club
              (7 damage)
             ... on level 3 of the Dungeon.
             The game lasted 00:09:55 (3079 turns).

NotreDorf the Ducker (Merfolk Venom Mage)           Turns: 3079, Time: 00:09:56

Health: -4/39      AC:  2    Str:  8    XL:     5   Next: 90%
Magic:  1/9        EV: 13    Int: 17    God:
Gold:   60         SH:  0    Dex: 14    Spells: 4/10 levels left

rFire   . . .      SeeInvis .   b - +0 dagger
rCold   . . .      Faith    .   (no shield)
rNeg    . . .      Spirit   .   a - +0 robe
rPois   .          Reflect  .   (no helmet)
rElec   .          Harm     .   (no cloak)
rCorr   .          Rampage  .   (no gloves)
Will    .....                   (no boots)
Stlth   ++........              (no amulet)
HPRegen 0.13/turn               (no ring)
MPRegen 0.11/turn               (no ring)

@: no status effects
A: (nimble swimmer 2), mertail
a: no special abilities


You were on level 3 of the Dungeon.
You visited 1 branch of the dungeon, and saw 3 of its levels.

You collected 60 gold pieces.

Inventory:

Hand Weapons
 b - a +0 dagger (weapon)
Missiles
 c - 4 poisoned darts
Armour
 a - a +0 robe (worn)
Jewellery
 l - a ring of fire
 n - a ring of ice
Scrolls
 d - a scroll of torment {unknown}
 e - 4 scrolls of identify {unknown}
 f - a scroll of magic mapping {unknown}
 g - a scroll of immolation {unknown}
 k - 4 scrolls of enchant weapon {unknown}
 m - a scroll of fear {unknown}
Potions
 h - a potion of flight {unknown}
 i - a potion of lignification {unknown}
 j - a potion of magic {unknown}


   Skills:
 + Level 2.7 Fighting
 + Level 4.5 Dodging
 - Level 2.1 Stealth
 + Level 3.1 Spellcasting
 - Level 1.3 Transmutations
 + Level 4.4 Poison Magic


You had 4 spell levels left.
You knew the following spells:

 Your Spells              Type           Power      Damage    Failure   Level
a - Sting                 Tmut/Pois      48%        1d5       5%          1
b - Poisonous Vapours     Pois/Air       20%        N/A       11%         2
c - Mephitic Cloud        Conj/Pois/Air  7%         N/A       28%         3

Your spell library contained the following spells:

 Spells                   Type           Power      Damage    Failure   Level
 Olgreb's Toxic Radiance  Pois           17%        N/A       26%         4


Dungeon Overview and Level Annotations

Branches:
Dungeon (3/15)

Altars:


Innate Abilities, Weirdness & Mutations

((You are very nimble when in or above water. (Stealth+, EV+, Speed+++)))
Your lower body shifts to a powerful aquatic tail in water.


Message History

Press: ? - help, Dir - move target, f/p - gnoll
Aim: a gnoll, wielding a +0 club (heavily wounded) Poisonous vapours surround the gnoll!
The gnoll is poisoned.
You hit the gnoll.
The gnoll is severely wounded.
The gnoll hits you with a +0 club.
You closely miss the gnoll.
The gnoll is severely wounded.
The gnoll looks more healthy.
The gnoll hits you with a +0 club.
You completely miss the gnoll.
The gnoll is severely wounded.
The gnoll barely misses you.
You hit the gnoll.
The gnoll is severely wounded.
The gnoll hits you with a +0 club!
You hit the gnoll.
The gnoll is almost dead.
The gnoll hits you with a +0 club.
You hit the gnoll but do no damage.
The gnoll is almost dead.
The gnoll barely misses you.
You hit the gnoll.
The gnoll is almost dead.
The gnoll barely misses you.
You hit the gnoll but do no damage.
The gnoll is almost dead.
The gnoll hits you with a +0 club!
* * * LOW HITPOINT WARNING * * *
Casting: Poisonous Vapours (safe; 11% risk of failure)
Confirm with . or Enter, or press ? or * to list all spells.
Aiming: Poisonous Vapours (safe; 11% risk of failure)
Press: ? - help, Dir - move target, f/p - gnoll
Aim: a gnoll, wielding a +0 club (almost dead) Poisonous vapours surround the gnoll!
The gnoll is poisoned.
The gnoll hits you with a +0 club!
* * * LOW HITPOINT WARNING * * *
You barely miss the gnoll.
The gnoll is almost dead.
The gnoll hits you with a +0 club!
You die...

.........#....#.?..#
.........#.........#
........#.........#
........'...........g
.#####...#g#.........g.
.........#.#....##.....
..######.#.#....##.....
#....#.#.##+#..###+##
#.##.#.#..g@##.# #.#..#.#######.#
##. #..#.#.##)# #.....# .... #.
#..#......###.##..###..# .#.
#..###.#)..##.##.......# #.#.
#..# #.....'..####.##.## #.#.
##..###....รท#.......##.######.#.
#...#.......#.#####.##......#.#.
#.#....#....#.#..##..#......#.#.


You could see a gnoll (poisoned).

Vanquished Creatures
  An ogre (D:2)
  Jessica (D:2)
  Terence (D:2)
  2 adders
  A worm (D:2)
  2 dart slugs (D:1)
  4 endoplasms
  2 giant cockroaches (D:1)
  8 goblins
  2 hobgoblins
  2 jackals (D:2)
  A kobold (D:1)
  4 quokkas
  5 ball pythons
  8 bats
  3 frilled lizards
  6 rats
  A spectral hobgoblin (D:2)
54 creatures vanquished.

Vanquished Creatures (others)
  A plant (D:1)
1 creature vanquished.

Grand Total: 55 creatures vanquished

Notes
Turn   | Place    | Note
-------+----------+-------------------------------------------
     0 | D:1      | NotreDorf the Merfolk Venom Mage began the quest for the
                  | Orb.
     0 | D:1      | Reached XP level 1. HP: 13/13 MP: 3/3
   308 | D:1      | Reached XP level 2. HP: 14/20 MP: 0/5
   668 | D:1      | Reached skill level 1 in Fighting
   902 | D:1      | Reached XP level 3. HP: 22/26 MP: 4/6
  1356 | D:1      | Learned a level 2 spell: Poisonous Vapours
  1360 | D:1      | Learned a level 3 spell: Mephitic Cloud
  1778 | D:2      | Found a faded altar of an unknown god.
  1780 | D:2      | Noticed Jessica
  1820 | D:2      | Killed Jessica
  1821 | D:2      | Reached XP level 4. HP: 31/33 MP: 1/7
  1914 | D:2      | Noticed Terence
  1939 | D:2      | Killed Terence
  2275 | D:2      | Noticed an ogre
  2314 | D:2      | Killed an ogre
  2315 | D:2      | Reached XP level 5. HP: 39/39 MP: 0/9
  3079 | D:3      | Slain by a gnoll

Illustrated notes

Levels and vault maps discovered:
D:1:      wander_arrival_desolate, layout_loops_corners, serial_bayou,
          serial_bayou_pond_d, serial_bayou_shore_a, serial_bayou_ford_a,
          serial_bayou_pond_c
D:2:      layout_loops_ring, dreamdust_ecumenical_altar_drowned_temple,
          minivault_25, minmay_misc_feat_pillars, due_unseen_surprise,
          uniq_terence, uniq_jessica
D:3:      layout_basic

Skill      XL: |  1  2  3  4 |
---------------+-------------+-----
Dodging        | 3 4 |  4.5
Fighting       | 1 2 |  2.7
Poison Magic   | 4 |  4.4
Spellcasting   | 3 |  3.1
Stealth        | |  2.1
Transmutations | |  1.3

Action                   |  1- 3 |  4- 6 || total
-------------------------+-------+-------++-------
Melee: Dagger            |    68 |    45 ||   113
       Tailslap          |     6 |       ||     6
       Punch             |       |     1 ||     1
 Cast: Sting             |    41 |     7 ||    48
       Poisonous Vapours |     5 |    26 ||    31
 Stab: Sleeping          |     1 |       ||     1
Armor: Robe              |     4 |     7 ||    11
Dodge: Dodged            |    49 |    28 ||    77
